 Dungeon Crawl Stone Soup version 0.20-a0-259-gc929cd2 (webtiles) character file.

178407 mopl the Devastator (level 18, -1/113 HPs)
             Began as a Tengu Conjurer on Nov 30, 2016.
             Was a High Priest of Vehumet.
             Killed from afar by an orc sorcerer (19 damage)
             ... with a bolt of fire
             ... on level 1 of the Elven Halls on Dec 2, 2016.
             The game lasted 01:53:02 (53135 turns).

mopl the Devastator (Tengu Conjurer)               Turns: 53135, Time: 01:53:02

Health: -1/113     AC:  5    Str: 10    XL:     18   Next: 20%
Magic:  53/61      EV: 25    Int: 20    God:    Vehumet [*****.]
Gold:   2181       SH: 12    Dex: 17    Spells: 39/46 levels left

rFire  . . .     SeeInvis .     a - staff of power {!a}
rCold  . . .     Gourm    +     T - +2 robe {MR+}
rNeg   . . .     Faith    .     C - +0 shield
rPois  .         Spirit   .     (helmet restricted)
rElec  .         Reflect  .     y - +0 cloak
rCorr  +         Harm     .     (no gloves)
MR     +++..                    (boots unavailable)
Stlth  ++........               s - amulet of the gourmand
                                S - ring of resist corrosion
                                h - ring of magical power

@: flying quickly and evasively, quick
A: beak, talons 3, magic resistance 1, able to fly 2
a: Stop Flying, Renounce Religion


You were on level 1 of the Elven Halls.
You worshipped Vehumet.
Vehumet was extremely pleased with you.
You were completely stuffed.

You visited 4 branches of the dungeon, and saw 24 of its levels.
You also visited: Bailey and Ice Cave.

You collected 3204 gold pieces.
You spent 1023 gold pieces at shops.

Inventory:

Hand Weapons
 i - the +8 whip "Snakebite" {curare, rPois, !a}
   (You found it on level 1 of the Lair of Beasts)

   It poisons the flesh of those it strikes.
   It protects you from poison.
 U - the +8 scimitar of the Dead {drain, Dex+6, !a}
   (You found it on level 12 of the Dungeon)

   A truly terrible weapon, it drains the life of those it strikes.
   It affects your dexterity (+6).
Armour
 b - the +2 robe of Miezut {rN++ Str+4 Int-2}
   (You found it in an ice cave)

   It affects your strength (+4).
   It affects your intelligence (-2).
   It greatly protects you from negative energy.
 d - a +0 troll leather armour
 k - a +0 ring mail of fire resistance
 l - the +8 scale mail of Ledghu Keupa {rN+ MR+}
   (You found it in an ice cave)

   It protects you from negative energy.
   It affects your resistance to hostile enchantments.
 y - a +0 cloak (worn)
 A - a +2 leather armour of fire resistance
 C - a +0 shield (worn)
 N - the +1 scale mail of Kleptomania {rPois rN+ Regen+}
   (You found it on level 4 of the Lair of Beasts)

   It protects you from poison.
   It protects you from negative energy.
   It increases your rate of regeneration.
 T - a +2 robe of magic resistance (worn)
Magical Staves
 a - an uncursed staff of power (weapon) {!a}
Jewellery
 e - a +2 amulet of reflection
 h - a ring of magical power (left hand)
 s - an amulet of the gourmand (around neck)
 x - an uncursed ring of ice
 S - a ring of resist corrosion (right hand)
Wands
 H - a wand of teleportation (0/9)
 I - a wand of digging (19/24)
 O - a wand of digging (10/24)
 Q - a wand of teleportation (4/9)
Scrolls
 f - a scroll of blinking
 g - 4 scrolls of teleportation
 j - 8 scrolls of recharging
 m - 5 scrolls of remove curse
 q - 4 scrolls of fear
 t - 5 scrolls of immolation {!r}
 w - 6 scrolls of identify
 G - 3 scrolls of fog
 V - 3 scrolls of holy word
Potions
 n - 5 potions of haste
 o - 5 potions of curing
 u - 2 potions of ambrosia
 v - 3 potions of brilliance
 z - 2 potions of berserk rage {!q}
 B - 2 potions of cancellation
 D - 2 potions of resistance
 J - 2 potions of agility
 K - a potion of invisibility
 L - 5 potions of heal wounds
 P - a potion of lignification {!q}
 Y - a potion of might
Miscellaneous
 r - a phantom mirror
Comestibles
 c - 10 bread rations
 p - 4 chunks of flesh


   Skills:
 + Level 12.9 Fighting
 + Level 4.9 Armour
 + Level 13.0 Dodging
 - Level 2.0 Stealth
 + Level 11.4 Shields
 - Level 14.8 Spellcasting
 - Level 20.0 Conjurations


You had 39 spell levels left.
You knew the following spells:

 Your Spells              Type           Power        Failure   Level  Hunger
a - Iskenderun's Mystic   Conj           #######.     1%          4    None
b - Searing Ray           Conj           ######       0%          2    None
c - Magic Dart            Conj           ####         0%          1    None


Dungeon Overview and Level Annotations

Branches:
Dungeon (15/15)            Temple (0/1) D:6            Lair (6/6) D:8
  Swamp (0/4) Lair:4       Spider (0/4) Lair:2        Slime (0/5) Lair:5
    Orc (2/2) D:9             Elf (1/3) Orc:2        Vaults (0/5) D:14
 Depths (0/5) D:15

Altars:
Cheibriados
Dithmenos
Makhleb
Nemelex Xobeh
Qazlal
Ru
Sif Muna
Trog
Vehumet
Zin
Beogh
Jiyva

Shops:
D:14 %   Orc:2 %:?(

Portals:
Pandemonium: Orc:2


Innate Abilities, Weirdness & Mutations

You have a beak for a mouth.
You have claws for feet.
You can fly continuously.
You are resistant to hostile enchantments. (MR+)


Message History

Press: ? - help, Dir - move target cursor You are very lightly contaminated with residual magic.
As you read the scroll of blinking, it crumbles to dust.
You see here a whip.
Items here: )))) [[[ You see here a short sword of freezing.
There is an open door here.
Things that are here:
a dagger; a robe You see here an arrow.
Found 18 stones.
Your magical contamination has completely faded away.
A water elemental comes into view.
There is a collapsed entrance here.
The orc sorcerer shouts!
The orc sorcerer wildly gestures.
You feel disoriented. The orc sorcerer casts a spell at you.
The bolt of fire hits you!
You die...

*,,+..#...................#..#,,*
*,,#..#####...##'##########..#,,*
*,,#(.......#................#,,*
*,,#.....E...##..............#,,*
*,,#..####...##..####+#####..#,,*
*,,#..#....#...#..........#..#,,*
*,,#..#.....##............#..#,,+
*,,#..#.....##............#..#,,*
*,,#E.#.......#.@.........#..#,,*
*,,#..#....o..............#..#,,*
*,,+,,##############'######..#,,*
*,,*,,,,,,,,,................#,,*
*,,*,,,,,,,,,................#,,*
*,,*,,**+****##############..#,,*
*,,*,,*,,,,,,,,,,,,,,,,,,,+..#,,*
*,,*,>*,,,,,,,,,,,,,,,,,,,#..#,.#
*,,*,,**********###########..#..#


You could see a water elemental and an orc sorcerer.

Vanquished Creatures
  An Ice Fiend (IceCv)
  2 orc warlords
  2 entropy weavers (Lair:5)
  A deep elf demonologist (Elf:1)
  An ettin (D:9)
  Snorg (D:11)
  A great orb of eyes (D:10)
  A deep elf high priest (Elf:1)
  Fannar (D:11)
  2 rakshasas
  Erica (Lair:2)
  Harold (Lair:3)
  11 hydras
  4 catoblepae
  4 centaur warriors
  A dancing weapon (Elf:1)
  An ogre mage (D:15)
  A queen ant (Lair:4)
  6 orc high priests
  Urug (Lair:5)
  4 deep elf knights
  A sixfirhy (Orc:2)
  4 spriggan berserkers (D:15)
  The ghost of stickyfingers the Covert, a novice OpEn of Kikubaaqudgha (Bailey)
  A glowing orange brain (D:15)
  5 unseen horrors
  A torturous demonspawn (Orc:2)
  2 gelid demonspawn (Orc:2)
  An obsidian statue (Lair:3)
  5 hill giants
  8 orc knights
  A necromancer (D:14)
  3 oklob plants (Lair:4)
  A lindwurm (Lair:6)
  2 deep elf archers (Elf:1)
  Pikel (D:8)
  The ghost of Duffy the Cleaver, a novice HOFi of Cheibriados (D:6)
  A mana viper (shapeshifter) (D:15)
  6 deep elf magi
  8 orc sorcerers
  3 cyclopes
  17 ugly things
  2 manticores
  A rust devil (Orc:1)
  A centaur zombie (D:10)
  10 black mambas
  4 elephants
  2 molten gargoyles (D:12)
  Joseph (D:7)
  4 ice statues (IceCv)
  A spiny frog (shapeshifter) (D:14)
  12 spiny frogs
  8 rime drakes
  A gargoyle (D:14)
  2 kobold demonologists
  9 komodo dragons
  An anaconda simulacrum (IceCv)
  A hellwing (Orc:2)
  13 ice devils (IceCv)
  15 trolls
  9 polar bears
  A wind drake (shapeshifter) (D:15)
  6 two-headed ogres
  11 hornets
  5 slime creatures (D:15)
  Prince Ribbit (D:8)
  A dream sheep (Lair:6)
  10 hippogriffs
  29 blink frogs
  A redback (Lair:2)
  3 vampires
  2 shadows
  A ynoxinul (Orc:2)
  A dire elephant simulacrum (IceCv)
  3 wyverns
  23 yaks
  An air elemental (Elf:1)
  13 spriggans (Lair:6)
  A basilisk (shapeshifter) (D:15)
  2 basilisks
  The ghost of Roxy the Skirmisher, an amateur FoFi (D:4)
  A chaos spawn (Orc:2)
  A steam dragon (D:8)
  7 hungry ghosts
  A fire elemental (Elf:1)
  Menkaure (D:6)
  A vampire mosquito (D:10)
  A harpy simulacrum (IceCv)
  7 wargs
  28 soldier ants
  21 water moccasins
  Duvessa (D:6)
  3 hydra simulacra (IceCv)
  2 iron troll simulacra (IceCv)
  11 porcupines
  9 sky beasts
  7 ice beasts
  6 black bears
  45 orc warriors
  2 ettin simulacra (IceCv)
  3 slaves (D:7)
  17 ogres
  10 centaurs
  3 boggarts (Lair:6)
  36 wolves
  A necrophage (D:12)
  3 big kobolds
  11 crocodiles
  21 bullfrogs
  A gnoll sergeant (D:6)
  3 wyvern zombies
  An earth elemental (Elf:1)
  Dowan (D:6)
  8 scorpions
  A water moccasin skeleton (D:12)
  16 killer bees
  8 wights
  9 howler monkeys
  3 bullfrog zombies
  5 lava snakes (D:12)
  7 crimson imps
  4 hounds
  A quasit (D:10)
  5 jellies
  36 orc priests
  4 bullfrog skeletons
  4 centaur skeletons
  19 orc wizards
  7 iguanas
  32 worker ants
  A hound zombie (D:6)
  A hound skeleton (D:5)
  2 worker ant zombies
  3 gnolls
  19 adders
  6 shadow imps
  6 worms
  4 dart slugs
  6 leopard geckos
  126 orcs
  2 ball pythons
  5 giant cockroaches
  8 goblins
  15 hobgoblins
  10 jackals
  A quokka (D:6)
  10 bats
  8 frilled lizards
  A giant cockroach zombie (D:6)
  34 kobolds
  A quokka skeleton (D:8)
  8 rats
  3 fungi
1049 creatures vanquished.

Vanquished Creatures (others)
  A slave (D:9)
  An orc (D:9)
  22 fungi
  12 plants
36 creatures vanquished.

Grand Total: 1085 creatures vanquished

Notes
Turn   | Place    | Note
-------+----------+-------------------------------------------
     0 | D:1      | mopl the Tengu Conjurer began the quest for the Orb.
     0 | D:1      | Reached XP level 1. HP: 10/10 MP: 4/4
   241 | D:1      | Reached XP level 2. HP: 15/15 MP: 4/6
   253 | D:1      | Learned a level 2 spell: Searing Ray
   881 | D:2      | Reached XP level 3. HP: 19/19 MP: 5/7
   981 | D:2      | Reached skill level 6 in Conjurations
  1563 | D:2      | Found a snail-covered altar of Cheibriados.
  1566 | D:2      | Reached skill level 3 in Spellcasting
  1647 | D:2      | Reached XP level 4. HP: 24/24 MP: 2/9
  1654 | D:2      | Learned a level 4 spell: Iskenderun's Mystic Blast
  2579 | D:3      | Gained mutation: You can fly. [Tengu growth]
  2579 | D:3      | Reached XP level 5. HP: 28/28 MP: 4/11
  2685 | D:3      | Found a glowing silver altar of Zin.
  2981 | D:3      | Reached skill level 7 in Conjurations
  3543 | D:4      | Noticed Roxy's ghost (amateur FoFi)
  3560 | D:4      | Killed Roxy's ghost
  3560 | D:4      | Reached skill level 4 in Spellcasting
  3560 | D:4      | Reached XP level 6. HP: 14/32 MP: 2/13
  3929 | D:4      | Reached skill level 8 in Conjurations
  4114 | D:4      | Reached XP level 7. HP: 36/36 MP: 4/15
  4503 | D:4      | Reached skill level 5 in Spellcasting
  4683 | D:5      | Entered Level 5 of the Dungeon
  4959 | D:5      | Reached skill level 9 in Conjurations
  5047 | D:5      | Noticed a troll
  5112 | D:5      | Killed a troll
  5112 | D:5      | Reached skill level 6 in Spellcasting
  5112 | D:5      | Reached XP level 8. HP: 15/41 MP: 11/18
  5573 | D:5      | Found a deep blue altar of Sif Muna.
  5631 | D:5      | Reached skill level 10 in Conjurations
  5762 | D:6      | Found a radiant altar of Vehumet.
  5916 | D:6      | Became a worshipper of Vehumet
  6080 | D:6      | Noticed Duvessa
  6080 | D:6      | Noticed Dowan
  6093 | D:6      | Killed Duvessa
  6093 | D:6      | Reached skill level 1 in Fighting
  6096 | D:6      | Killed Dowan
  6233 | D:6      | Noticed Duffy's ghost (novice HOFi)
  6510 | D:6      | Reached skill level 3 in Dodging
  6512 | D:6      | Found a staircase to the Ecumenical Temple.
  6555 | D:6      | Reached skill level 7 in Spellcasting
  6706 | D:6      | Noticed Menkaure
  6708 | D:6      | Killed Menkaure
  6718 | D:6      | Reached skill level 2 in Fighting
  6725 | D:6      | Reached skill level 11 in Conjurations
  6725 | D:6      | Reached XP level 9. HP: 32/48 MP: 4/20
  6927 | D:6      | Reached * piety under Vehumet
  6927 | D:6      | Offered knowledge of Freeze by Vehumet.
  7037 | D:6      | Killed Duffy's ghost
  7037 | D:6      | Reached skill level 4 in Dodging
  7304 | D:6      | Found a stormy altar of Qazlal.
  7332 | D:6      | Found a radiant altar of Vehumet.
  7447 | D:6      | Reached skill level 3 in Fighting
  7468 | D:6      | Reached skill level 1 in Shields
  7850 | D:7      | Noticed Joseph
  8131 | D:7      | Found a bloodstained altar of Trog.
  8489 | D:6      | Reached skill level 8 in Spellcasting
  8773 | D:7      | Reached skill level 2 in Shields
  8773 | D:7      | Reached skill level 12 in Conjurations
  9255 | D:7      | Reached XP level 10. HP: 13/56 MP: 18/23
  9446 | D:7      | Reached skill level 5 in Dodging
  9615 | D:8      | Offered knowledge of Sting by Vehumet.
  9617 | D:8      | Reached skill level 4 in Fighting
  9618 | D:8      | Noticed Pikel
  9619 | D:8      | Reached ** piety under Vehumet
  9627 | D:8      | Killed Pikel
  9645 | D:7      | Reached skill level 3 in Shields
 10254 | D:8      | Found a staircase to the Lair.
 10679 | D:8      | Found a burning altar of Makhleb.
 10688 | D:8      | Found a sparkling altar of Nemelex Xobeh.
 10876 | D:8      | Noticed Prince Ribbit
 10880 | D:8      | Killed Prince Ribbit
 10880 | D:8      | Reached skill level 9 in Spellcasting
 10981 | D:9      | Found a staircase to the Orcish Mines.
 10990 | D:9      | Offered knowledge of Stone Arrow by Vehumet.
 11251 | D:9      | Reached skill level 13 in Conjurations
 11284 | D:9      | Reached *** piety under Vehumet
 11873 | D:9      | Found a shadowy altar of Dithmenos.
 12119 | D:9      | Reached skill level 4 in Shields
 12269 | D:9      | Reached skill level 6 in Dodging
 12451 | D:9      | Offered knowledge of Ignite Poison by Vehumet.
 12488 | D:9      | Reached skill level 5 in Fighting
 12488 | D:9      | Reached XP level 11. HP: 63/63 MP: 12/25
 12588 | D:10     | Entered Level 10 of the Dungeon
 13343 | D:10     | Noticed a hill giant
 13348 | D:10     | Killed a hill giant
 13348 | D:10     | Reached **** piety under Vehumet
 13732 | D:10     | Offered knowledge of Force Lance by Vehumet.
 13733 | D:10     | Reached skill level 14 in Conjurations
 13985 | D:11     | Reached skill level 10 in Spellcasting
 14286 | D:11     | Noticed Fannar
 14499 | Lair:1   | Entered Level 1 of the Lair of Beasts
 14713 | Lair:1   | Reached skill level 7 in Dodging
 14900 | Lair:1   | Identified a +1 rod of shadows (10/10) (You found it on level 1 of the Lair of Beasts)
 15265 | Lair:1   | Reached skill level 5 in Shields
 15541 | Lair:1   | Reached skill level 6 in Fighting
 15988 | Lair:1   | Reached XP level 12. HP: 70/70 MP: 14/27
 16317 | Lair:1   | Noticed a five-headed hydra
 16322 | Lair:1   | Killed a five-headed hydra
 16635 | Lair:2   | Noticed Erica
 16644 | Lair:2   | Noticed a six-headed hydra
 16653 | Lair:1   | Reached skill level 15 in Conjurations
 17032 | Lair:2   | Found a hole to the Spider Nest.
 17056 | Lair:2   | Noticed an eight-headed hydra
 17066 | Lair:2   | Killed an eight-headed hydra
 17260 | Lair:2   | Killed a six-headed hydra
 17429 | Lair:2   | Reached skill level 8 in Dodging
 17459 | Lair:2   | Reached skill level 11 in Spellcasting
 17632 | Lair:2   | Reached skill level 6 in Shields
 18523 | Lair:2   | Reached skill level 7 in Fighting
 19266 | Lair:2   | Killed Erica
 19439 | Lair:3   | Noticed a catoblepas
 19448 | Lair:3   | Killed a catoblepas
 19849 | Lair:3   | Noticed Harold
 19862 | Lair:3   | Killed Harold
 19862 | Lair:3   | Reached XP level 13. HP: 76/76 MP: 13/29
 20731 | Lair:3   | Reached ***** piety under Vehumet
 20731 | Lair:3   | Offered knowledge of Bolt of Magma by Vehumet.
 20751 | Lair:3   | Reached skill level 16 in Conjurations
 21248 | Lair:4   | Got a bloodstained scale mail
 21342 | Lair:4   | Reached skill level 9 in Dodging
 21342 | Lair:4   | Reached skill level 7 in Shields
 21738 | Lair:4   | Reached skill level 12 in Spellcasting
 21904 | Lair:4   | Found a staircase to the Swamp.
 23043 | Lair:4   | Upgraded the game from 0.20-a0-251-g16a58bf to 0.20-a0-256-gabb291d
 23735 | Lair:5   | Noticed an entropy weaver
 23742 | Lair:5   | Killed an entropy weaver
 24094 | Lair:5   | Reached skill level 8 in Fighting
 24633 | Lair:5   | Reached skill level 17 in Conjurations
 24872 | Lair:5   | Gained mutation: You can fly continuously. [Tengu growth]
 24872 | Lair:5   | Reached XP level 14. HP: 77/84 MP: 11/31
 25125 | Lair:5   | Reached skill level 8 in Shields
 25781 | Lair:5   | Noticed an entropy weaver
 25887 | Lair:5   | Noticed Urug
 26001 | Lair:5   | Killed Urug
 26084 | Lair:5   | Offered knowledge of Venom Bolt by Vehumet.
 26665 | Lair:5   | Found a staircase to the Slime Pits.
 26665 | Lair:5   | Found a viscous altar of Jiyva.
 26973 | Lair:5   | Killed an entropy weaver
 26973 | Lair:5   | Reached skill level 10 in Dodging
 27932 | Lair:6   | Entered Level 6 of the Lair of Beasts
 27957 | Lair:6   | Reached skill level 13 in Spellcasting
 29163 | Lair:6   | Upgraded the game from 0.20-a0-256-gabb291d to 0.20-a0-259-gc929cd2
 30537 | Lair:6   | Reached skill level 18 in Conjurations
 30552 | Lair:6   | Paralysed by a hornet for 1 turns
 30977 | Lair:6   | Reached skill level 9 in Fighting
 31100 | Lair:6   | Reached skill level 9 in Shields
 31902 | Lair:6   | Offered knowledge of Bolt of Draining by Vehumet.
 32081 | Lair:6   | Reached XP level 15. HP: 90/90 MP: 14/33
 32393 | D:7      | Killed Joseph
 32522 | D:11     | Killed Fannar
 33059 | D:11     | Noticed Snorg
 33340 | D:10     | Identified the +1 scale mail of Kleptomania {rPois rN+ Regen+} (You found it on level 4 of the Lair of Beasts)
 33658 | D:11     | Killed Snorg
 34462 | Orc:1    | Entered Level 1 of the Orcish Mines
 34960 | Orc:1    | Noticed an orc warlord
 35188 | D:9      | Killed an orc warlord
 35622 | Orc:1    | Found a roughly hewn altar of Beogh.
 36000 | Orc:1    | Found a roughly hewn altar of Beogh.
 36145 | Orc:2    | Entered Level 2 of the Orcish Mines
 36334 | Orc:2    | Found a staircase to the Elven Halls.
 36419 | Orc:2    | Reached skill level 11 in Dodging
 36688 | Orc:1    | Offered knowledge of Bolt of Cold by Vehumet.
 36881 | Orc:2    | Found Vairchaz's Food Shop.
 37118 | Orc:2    | Found Dufat's Magic Scroll Boutique.
 37140 | Orc:2    | Bought a scroll of fog for 26 gold pieces
 37140 | Orc:2    | Bought a scroll of blinking for 97 gold pieces
 37140 | Orc:2    | Bought a scroll of identify for 26 gold pieces
 37140 | Orc:2    | Bought a scroll of identify for 26 gold pieces
 37140 | Orc:2    | Bought a scroll of identify for 26 gold pieces
 37140 | Orc:2    | Bought a scroll of recharging for 123 gold pieces
 37140 | Orc:2    | Bought a scroll of amnesia for 45 gold pieces
 37140 | Orc:2    | Bought a scroll of enchant weapon for 97 gold pieces
 37140 | Orc:2    | Bought a scroll of immolation for 45 gold pieces
 37140 | Orc:2    | Bought a scroll of torment for 97 gold pieces
 37141 | Orc:2    | Bought a scroll of recharging for 123 gold pieces
 37141 | Orc:2    | Bought 3 scrolls of vulnerability for 292 gold pieces
 39067 | Orc:2    | Reached skill level 14 in Spellcasting
 39480 | Orc:2    | Reached skill level 10 in Fighting
 39861 | Orc:2    | Reached skill level 19 in Conjurations
 40255 | Orc:2    | Found Seuseh's Book Shoppe.
 40255 | Orc:2    | Found Qihublef's Antique Weapon Emporium.
 40255 | Orc:2    | Found a one-way gate leading to the halls of Pandemonium.
 40602 | D:10     | Offered knowledge of Bolt of Fire by Vehumet.
 40935 | D:10     | Reached skill level 10 in Shields
 41638 | D:12     | Reached XP level 16. HP: 97/97 MP: 19/35
 42778 | D:12     | Got a bloodstained scimitar
 42860 | D:12     | Identified the +8 scimitar of the Dead {drain, Dex+6} (You found it on level 12 of the Dungeon)
 43266 | D:13     | Found a flagged portal.
 43286 | D:13     | Got a warped hand axe
 43381 | Bailey   | Entered a bailey
 43386 | Bailey   | Noticed stickyfingers's ghost (novice OpEn)
 43399 | Bailey   | Killed stickyfingers's ghost
 43606 | Bailey   | Found a runed gate.
 43607 | Bailey   | Found a runed gate.
 43619 | Bailey   | Found a runed gate.
 43800 | Bailey   | Gained mutation: You are resistant to hostile enchantments. (MR+) [potion of beneficial mutation]
 43808 | Bailey   | Reached skill level 11 in Fighting
 43808 | Bailey   | Reached XP level 17. HP: 106/106 MP: 21/36
 43984 | Bailey   | Identified the +6 hand axe "Ogrebane" {elec, rN+} (You found it on level 13 of the Dungeon)
 44651 | D:11     | Offered knowledge of Poison Arrow by Vehumet.
 45838 | D:14     | Found Vimoat's Food Boutique.
 46951 | D:14     | Found a gate to the Vaults.
 47217 | D:14     | Reached skill level 12 in Dodging
 47354 | D:15     | Entered Level 15 of the Dungeon
 47500 | D:15     | Reached skill level 12 in Fighting
 47569 | D:15     | Reached skill level 20 in Conjurations
 47920 | D:15     | Found a sacrificial altar of Ru.
 49111 | D:15     | Reached skill level 1 in Armour
 49234 | D:15     | Found a staircase to the Depths.
 49494 | D:15     | Offered knowledge of Freezing Cloud by Vehumet.
 49691 | D:15     | Reached skill level 2 in Armour
 49890 | D:15     | Reached skill level 11 in Shields
 50632 | Elf:1    | Entered Level 1 of the Elven Halls
 50689 | Elf:1    | Found a frozen archway.
 50738 | IceCv    | Entered an ice cave
 50757 | IceCv    | Reached skill level 3 in Armour
 51446 | IceCv    | Reached XP level 18. HP: 113/113 MP: 32/37
 51598 | IceCv    | Noticed an Ice Fiend
 51605 | IceCv    | Killed an Ice Fiend
 51605 | IceCv    | Reached skill level 4 in Armour
 52312 | IceCv    | Got a thick robe
 52318 | IceCv    | Got a crude scale mail
 52329 | IceCv    | Identified the +8 scale mail of Ledghu Keupa {rN+ MR+} (You found it in an ice cave)
 52339 | IceCv    | Identified the +2 robe of Miezut {rN++ Str+4 Int-2} (You found it in an ice cave)
 52930 | Elf:1    | Reached skill level 13 in Dodging
 53081 | Elf:1    | HP: 5/113 [deep elf high priest/a malign offering (22)]
 53135 | Elf:1    | Killed from afar by an orc sorcerer

Vault maps used:
D:1:      zaba_arrival_water
D:2:      kennysheep_slug_shrine, first_bread
D:3:      zin_academy
D:5:      led_sif_pool
D:6:      grunt_qazlal_sundering, vehumet_altar_wand_db, basic_altar,
          st_stairs_9, uniq_pikel, uniq_duvessa, uniq_menkaure
D:7:      trog_ov_bears_minmay, uniq_joseph
D:8:      grunt_temple_overflow_open, erik_lair_orcish_takeover,
          uniq_prince_ribbit1
D:9:      nicolae_dithmenos_through_a_glass_darkly, orc_0_dummy
D:10:     minmay_klotski
D:11:     uniq_fannar, uniq_snorg
D:12:     cheibrodos_magma_flow
D:13:     enter_bailey_2, hangedman_pestilent_swarm
D:14:     david_vaults_1, serial_shops, shop, infiniplex_staircase_pillars_1
D:15:     gammafunk_enter_depths_forms, hangedman_ru_absence,
          minmay_guarded_unrand_wrath_of_trog
Lair:1:   minmay_guarded_unrand_snakebite
Lair:2:   spider_nest_entry_a, uniq_erica
Lair:3:   statuecave_lemuel, serial_bayou_shore_b, uniq_harold
Lair:4:   minmay_swamp_entry_reptiles, grunt_megastairs_4,
          minmay_lair_oklob_chamber
Lair:5:   slime_altar_1, zaba_anthell, uniq_urug
Lair:6:   minmay_lair_end_enchanted_forest, st_stairs_4
Orc:1:    nicolae_orc_accident_2, basic_altar
Orc:2:    pf_orc_diabolical
Elf:1:    eino_elf_arrival_the_gate, portal_ice_cave_entry_pillars_three,
          orc_legates, uniq_agnes
Bailey:   bailey_axe_bossmonster_kennysheep, bailey
IceCv:    ice_cave_tombish

Skill      XL: |  1  2  3  4  5  6  7  8  9 10 11 12 13 14 15 16 17 18 |
---------------+-------------------------------------------------------+-----
Conjurations   | 6 7 8 9 11 12 13 14 15 17 18 19 20 | 20.0
Spellcasting   | 3 4 6 7 8 9 10 11 12 13 14 | 14.8
Fighting       | 2 3 5 6 7 8 9 10 11 12 | 12.9
Dodging        | 3 4 6 7 8 9 10 11 12 13 | 13.0
Shields        | 2 4 5 6 7 9 10 11 | 11.4
Armour         | 3 4 |  4.9
Stealth        | |  2.0

Action                   |  1- 3 |  4- 6 |  7- 9 | 10-12 | 13-15 | 16-18 || total
-------------------------+-------+-------+-------+-------+-------+-------++-------
Melee: Kick              |       |       |       |       |     1 |     1 ||     2
       Staff             |       |       |       |       |       |     2 ||     2
 Cast: Magic Dart        |    76 |   109 |   182 |   293 |   224 |       ||   884
       Searing Ray       |     3 |     8 |    27 |    16 |     3 |       ||    57
       Iskenderun's Myst |       |       |    34 |   307 |  1086 |   724 ||  2151
 Abil: Fly               |       |       |       |     4 |     5 |       ||     9
Evoke: Wand              |       |       |       |       |     3 |     2 ||     5
  Use: Scroll            |       |     6 |     8 |     6 |     7 |    15 ||    42
       Potion            |       |       |       |     1 |     2 |     3 ||     6
  Eat: Chunk             |     3 |     8 |    14 |    69 |    77 |    34 ||   205
       Pizza             |       |       |     2 |       |       |       ||     2
       Beef jerky        |       |       |     1 |       |       |       ||     1
Armor: Robe              |       |    14 |    14 |       |       |     1 ||    29
       Steam dragon scal |       |       |       |    16 |    33 |       ||    49
       Troll leather arm |       |       |       |       |    11 |    12 ||    23
       Ring mail         |       |       |       |       |       |     5 ||     5
Dodge: Dodged            |    11 |    60 |    81 |   138 |   293 |   136 ||   719
Block: Buckler           |       |       |    11 |    32 |       |       ||    43
       Shield            |       |       |       |     4 |   229 |    89 ||   322
